 Dungeon Crawl Stone Soup version 0.30-b1-5-g8e6c1be481 (webtiles) character file.

Game seed: 5991671969683983615

571 EarthwalkerPL the Trooper (level 7, -2/63 HPs)
             Began as a Minotaur Fighter on May 4, 2023.
             Slain by a black bear (6 damage)
             ... on level 3 of the Dungeon.
             The game lasted 00:04:57 (2944 turns).

EarthwalkerPL the Trooper (Minotaur Fighter)        Turns: 2944, Time: 00:04:57

Health: -2/63      AC:  7    Str: 22    XL:     7   Next: 12%
Magic:  6/6        EV:  9    Int:  5    God:
Gold:   51         SH:  5    Dex: 10    Spells: 6/6 levels left

rFire   . . .        a - +0 war axe
rCold   . . .        c - +0 buckler
rNeg    . . .        b - +0 scale mail
rPois   .            (helmet restricted)
rElec   .            (no cloak)
rCorr   .            (no gloves)
SInv    .            (no boots)
Will    .....        (no amulet) Stlth
                     (no ring)
HPRegen 0.30/turn    (no ring)
MPRegen 0.10/turn

%: no passive effects
@: no status effects
A: horns 2, retaliatory headbutt
a: no special abilities


You were on level 3 of the Dungeon.
You visited 1 branch of the dungeon, and saw 3 of its levels.

You collected 51 gold pieces.

Inventory:

Hand Weapons
 a - a +0 war axe (weapon)
Missiles
 n - 7 boomerangs (quivered)
 q - 2 throwing nets
Armour
 b - a +0 scale mail (worn)
 c - a +0 buckler (worn)
Wands
 m - a wand of flame (12)
Scrolls
 f - 5 scrolls of teleportation {unknown}
 g - 2 scrolls of amnesia {unknown}
 h - 2 scrolls of identify {unknown}
 i - a scroll of acquirement {unknown}
 j - a scroll of brand weapon {unknown}
 k - a scroll of vulnerability {unknown}
Potions
 d - a potion of might
 e - 3 potions of haste {unknown}
 l - a potion of magic {unknown}
 o - a potion of invisibility {unknown}
 p - a potion of attraction {unknown}


   Skills:
 * Level 6.1 Fighting
 * Level 5.2 Axes
 * Level 6.0 Armour
 + Level 5.1 Shields


You had 6 spell levels left.
You didn't know any spells.
Your spell library was empty.

Dungeon Overview and Level Annotations

Branches:
Dungeon (3/15)

Altars:


Innate Abilities, Weirdness & Mutations

You have a pair of horns on your head.
You reflexively headbutt those who attack you in melee.


Message History

You hit the orc.
You kill the orc!
The orc barely misses you. The orc hits you with a +0 trident!
Things that are here:
a +0 mace; a +0 ring mail; an orc corpse You barely miss the orc.
The orc barely misses you. You furiously retaliate!
You headbutt the orc!
You kill the orc!
The black bear attacks as you move away!
The black bear bites you but does no damage.
The black bear completely misses you. The black bear barely misses you.
Things that are here:
a +0 spear; a gnoll skeleton You slash the black bear!
You headbutt the black bear, but do no damage.
The black bear is heavily wounded.
The black bear bites you.
The black bear claws you but does no damage. x2
You hit the black bear.
The black bear is severely wounded.
You block the black bear's attack.
The black bear claws you but does no damage.
The black bear claws you.
The black bear goes berserk!
You hit the black bear. Your headbutt misses the black bear.
The black bear is severely wounded.
The black bear bites you.
* * * LOW HITPOINT WARNING * * *
The black bear claws you but does no damage.
The black bear claws you.
* * * LOW HITPOINT WARNING * * *
The black bear bites you!
* * * LOW HITPOINT WARNING * * *
The black bear claws you.
* * * LOW HITPOINT WARNING * * *
The black bear claws you but does no damage.
You barely miss the black bear. Your headbutt misses the black bear.
The black bear is severely wounded.
The black bear bites you.
You die...

#.#.#..##..#<#...................
#.#.#.......#....#.##.#.......###
#[#.#..##....)..##.##.#.......#.#
..#.#..##.......##.##....#.##.#.#
..#.##.###.....).#.#####.#......#
..#.##.# #.....#[#.#####....#.#†#
.......# #.....#............#.#.#
.#.########....#.#.##########.#..
...............#@#............###
.#.#############h##############
.#..............o)..........
####################.############
...................)[.[..[)......
≈~~≈~~~~≈~~≈~~~~~~....~~[≈≈~)~≈≈~
≈≈≈≈≈≈≈≈≈≈≈≈≈≈≈≈≈≈h.)o)~≈≈≈≈≈≈≈≈≈
≈#####~≈≈~~~~~≈~~~...)~~~~≈~~~~≈~
≈#go.#...........................


You could see a black bear (berserk) and an orc.

Vanquished Creatures
  An ice beast (D:3)
  An ogre (D:3)
  A howler monkey (D:3)
  A hound (D:3)
  An orc wizard (D:3)
  Robin (D:2)
  12 gnolls (D:3)
  3 adders (D:2)
  2 worms (D:2)
  4 dart slugs
  17 orcs (D:3)
  6 ball pythons
  7 bats
  3 endoplasms
  2 giant cockroaches
  15 goblins
  4 hobgoblins
  17 jackals
  3 quokkas
  4 frilled lizards
  8 kobolds
  7 rats
120 creatures vanquished.

Vanquished Creatures (others)
  15 plants
15 creatures vanquished.

Grand Total: 135 creatures vanquished

Notes
Turn   | Place    | Note
-------+----------+-------------------------------------------
     0 | D:1      | EarthwalkerPL the Minotaur Fighter began the quest for the
                  | Orb.
     0 | D:1      | Reached XP level 1. HP: 19/19 MP: 0/0
   338 | D:1      | Reached XP level 2. HP: 26/27 MP: 1/1
   597 | D:2      | Reached XP level 3. HP: 33/33 MP: 2/2
   707 | D:2      | Reached XP level 4. HP: 39/41 MP: 3/3
   757 | D:2      | Found a faded altar of an unknown god.
  1019 | D:2      | Noticed Robin
  1035 | D:2      | Killed Robin
  1698 | D:3      | Reached XP level 5. HP: 18/47 MP: 4/4
  1967 | D:3      | Noticed an ice beast
  1980 | D:3      | Killed an ice beast
  1981 | D:3      | Reached skill level 5 in Fighting
  1981 | D:3      | Reached skill level 5 in Armour
  2216 | D:3      | Reached XP level 6. HP: 56/56 MP: 5/5
  2656 | D:3      | Reached skill level 5 in Axes
  2656 | D:3      | Reached skill level 5 in Shields
  2656 | D:3      | Reached XP level 7. HP: 20/63 MP: 6/6
  2673 | D:3      | HP: 3/63 [orc/+0 flail (6)]
  2944 | D:3      | Slain by a black bear

Illustrated notes

Levels and vault maps discovered:
D:1:      dpeg_arrival_rooms_c, layout_rooms, serial_bayou_pond_e,
          roderic_malta_cross, chequers_avenue,
          nicolae_concentric_dashed_squares_wild
D:2:      kb_forest_paths, layout_basic, serial_bayou, serial_bayou_pond_a,
          serial_bayou_pond_d, serial_bayou_pond_c, serial_bayou_ford_a,
          basic_ecumenical_altar, st_stairs_5, uniq_robin
D:3:      lemuel_castle_with_subvaults [lemuel_castle_interior_original],
          layout_basic, st_stairs_14, grunt_ministairs_6

Skill      XL: |  1  2  3  4  5  6 |
---------------+-------------------+-----
Axes           | 3 4 5 |  5.2
Armour         | 4 5 6 |  6.0
Fighting       | 4 5 6 |  6.1
Shields        | 4 5 |  5.1

Action                     |  1- 3 |  4- 6 |  7- 9 || total
---------------------------+-------+-------+-------++-------
  Melee: War axe           |    58 |   155 |    32 ||   245
         Headbutt          |    10 |    27 |     4 ||    41
  Throw: Boomerang         |       |     3 |       ||     3
 Armour: Scale mail        |    24 |    78 |    22 ||   124
  Dodge: Dodged            |    32 |    68 |    21 ||   121
  Block: Buckler           |    13 |    42 |    13 ||    68
